 Dungeon Crawl Stone Soup version 0.22.1-2-g9c5b331383 (webtiles) character file.

15269 Gargoyl the Archer (level 11, 0/93 HPs)
             Began as a Centaur Abyssal Knight on Dec 7, 2018.
             Was a High Priest of Lugonu.
             Slain by a two-headed ogre
             ... wielding a +2 great mace of flaming
              (10 damage)
             ... in a volcano.
             The game lasted 00:33:38 (14854 turns).

Gargoyl the Archer (Centaur Abyssal Knight)        Turns: 14854, Time: 00:33:38

Health: 0/93       AC: 20    Str: 18    XL:     11   Next: 99%
Magic:  18/18      EV:  5    Int: 11    God:    Lugonu [*****.]
Gold:   758        SH:  5    Dex: 19    Spells: 10/10 levels left

rFire    . . .     SeeInvis .   d - +3 hand axe (venom)
rCold    . . .     Gourm    .   (no shield)
rNeg     . . .     Faith    .   w - +2 plate armour
rPois    +         Spirit   .   (no helmet)
rElec    .         Reflect  +   k - +2 cloak {rPois}
rCorr    .         Harm     .   h - +0 pair of fencer's gloves {+Riposte Dex+3}
MR       .....                  (no barding)
Stlth    ..........             l - +5 amulet of reflection
HPRegen  0.25/turn              e - +5 ring of dexterity
MPRegen  0.16/turn              (no ring)

@: very quick
A: large, hooves 3, icy blue scales 1, agile 1, deformed body, speed 2, tough
skin 3, MP-powered wands
a: Depart the Abyss, Bend Space, Banish, Corrupt, Enter the Abyss, Renounce
Religion


You were in a volcano.
You worshipped Lugonu.
Lugonu was extremely pleased with you.
You were full.

You visited 2 branches of the dungeon, and saw 13 of its levels.
You visited the Abyss 1 time.
You also visited: Volcano.

You collected 758 gold pieces.

Inventory:

Hand Weapons
 a - a +1 longbow of flaming
 d - a +3 hand axe of venom (weapon)
 f - a +1 war axe
 P - a +3 hand axe
 Q - a +5 battleaxe
Missiles
 s - 104 arrows
Armour
 b - a +0 shield
 h - the +0 pair of fencer's gloves (worn) {+Riposte Dex+3}
   (You acquired it on level 9 of the Dungeon)

   It affects your dexterity (+3).
 k - a +2 cloak of poison resistance (worn)
 w - a +2 plate armour (worn)
Jewellery
 e - a +5 ring of dexterity (left hand)
 l - a +5 amulet of reflection (around neck)
 v - an uncursed ring of poison resistance
 F - an uncursed ring of resist corrosion {unknown}
Wands
 p - a wand of iceblast (12)
 y - a wand of enslavement (12)
 I - a wand of paralysis (28)
 L - a wand of flame (29)
Scrolls
 r - 4 scrolls of blinking
 u - a scroll of amnesia
 x - 2 scrolls of fog
 B - 5 scrolls of identify
 D - 7 scrolls of remove curse
 H - 4 scrolls of teleportation
Potions
 g - 4 potions of heal wounds
 i - 4 potions of flight {unknown}
 j - a potion of experience {unknown}
 m - a potion of mutation
 n - a potion of lignification {unknown}
 o - a potion of cancellation {unknown}
 q - a potion of resistance {unknown}
 t - a potion of magic
 z - a potion of might {unknown}
 A - 2 potions of haste {unknown}
 C - 3 potions of brilliance {unknown}
 G - 2 potions of ambrosia {unknown}
 J - 8 potions of curing
 O - a potion of degeneration {unknown}
Comestibles
 c - 23 rations


   Skills:
 + Level 7.7 Fighting
 + Level 7.8 Axes
 + Level 10.9 Bows
 * Level 8.3 Armour
 + Level 1.8 Dodging
 + Level 2.0 Shields
 * Level 9.3 Invocations
 + Level 0.5 Evocations


You had 10 spell levels left.
You didn't know any spells.
Your spell library contained the following spells:

 Spells                   Type           Power        Failure   Level  Hunger
 Confusing Touch          Hex            #.....       100%        1    ##.....
 Magic Dart               Conj           #...         100%        1    ##.....
 Searing Ray              Conj           #.....       100%        2    ###....
 Confuse                  Hex            #.......     100%        3    ####...
 Dazzling Spray           Conj/Hex       #.....       100%        3    ####...
 Gell's Gravitas          Tloc           #.........   100%        3    ####...
 Force Lance              Conj/Tloc      #.......     100%        4    #####..
 Fulminant Prism          Conj/Hex       #.........   100%        4    #####..
 Iskenderun's Mystic Bla  Conj           #.......     100%        4    #####..
 Petrify                  Tmut/Erth      #.......     100%        4    #####..
 Metabolic Englaciation   Hex/Ice        #.........   100%        5    ######.
 Yara's Violent Unravell  Hex/Tmut       #.........   100%        5    ######.


Dungeon Overview and Level Annotations

Branches:
Dungeon (10/15)            Temple (0/1) D:4            Lair (3/6) D:10
 Shoals (0/4) Lair:2
  Snake: Lair:2-4    Spider: Lair:2-4       Orc: D:9-12

Altars:
Ashenzari
Cheibriados
Dithmenos
Elyvilon
Hepliaklqana
Kikubaaqudgha
Makhleb
Okawaru
Qazlal
Ru
Sif Muna
Trog
Vehumet
Xom
Yredelemnul
The Shining One

Shops:
D:9 *

Annotations:
D:8 2 transporters
Abyss:1 Menkaure


Innate Abilities, Weirdness & Mutations

You have hooves in place of feet.
Armour fits poorly on your strangely shaped body.
You cover ground very quickly.
You have extremely tough skin. (AC +3)
You are partially covered in icy blue scales. (AC +2)
You are agile. (Dex +2)
You expend magic power (3 MP) to strengthen your wands.


Message History

The two-headed ogre hits you but does no damage.
The two-headed ogre hits you with a great mace of flaming.
The two-headed ogre burns you.
You hit the two-headed ogre.
The two-headed ogre looks as sick as possible!
Your kick misses the two-headed ogre.
The two-headed ogre is severely wounded.
You slash the two-headed ogre!
The two-headed ogre looks as sick as possible!
The two-headed ogre hits you with a giant club of flaming!!
* * * LOW HITPOINT WARNING * * *
The two-headed ogre burns you!
* * * LOW HITPOINT WARNING * * *
The two-headed ogre barely misses you.
The two-headed ogre hits you with a great mace of flaming.
* * * LOW HITPOINT WARNING * * *
The two-headed ogre burns you.
* * * LOW HITPOINT WARNING * * *
The two-headed ogre hits you with a great mace of flaming!
You die...

#.## ### .[) ##
...## ... ###∩.
![. #.. .!$.#
...#.##...
#.#....# #O...##
##.#.@O..#
#....∩∩..#
)..####.........
. #....#.###.
..##### .. ![.
..# #∩.. )# #.#
# ##


You could see 2 two-headed ogres.

Vanquished Creatures
  Gastronok (D:10)
  Harold (D:7)
  Erica (Lair:1)
  2 two-headed ogres (D:10)
  Pikel (D:6)
  2 black mambas (Lair:2)
  A komodo dragon (D:10)
  A troll (D:7)
  3 hippogriffs
  Sigmund (D:4)
  3 hogs (D:9)
  6 yaks
  2 wyverns (D:10)
  A human (D:9)
  A hungry ghost (D:9)
  A soldier ant (D:10)
  An acid dragon (D:10)
  A porcupine (Lair:1)
  Duvessa (D:6)
  3 water moccasins (Lair:1)
  7 orc warriors
  5 sky beasts
  4 phantoms
  5 black bears
  2 slaves (D:7)
  An eye of draining (D:3)
  An ice beast (D:5)
  A necrophage (D:8)
  6 ogres
  A centaur (D:7)
  3 crocodiles
  2 big kobolds
  9 bullfrogs
  A wyvern zombie (D:7)
  Dowan (D:6)
  A scorpion (D:5)
  A wyvern skeleton (D:9)
  10 killer bees
  8 wights
  A howler monkey (D:4)
  A bullfrog zombie (D:8)
  7 crimson imps
  A quasit (D:9)
  A centaur zombie (D:9)
  4 jellies
  4 hounds
  2 centaur skeletons
  4 orc priests
  A bullfrog skeleton (D:6)
  2 iguanas
  4 orc wizards
  5 worker ants
  4 hound zombies
  2 hound skeletons
  A worker ant zombie (D:6)
  A gnoll (D:3)
  5 adders
  2 shadow imps
  An ooze (D:4)
  2 adder zombies (D:5)
  An adder skeleton (D:6)
  A worm (D:2)
  6 dart slugs
  3 leopard geckos
  62 orcs
  2 ball pythons
  7 bats
  10 giant cockroaches
  9 goblins
  3 hobgoblins
  10 jackals
  4 quokkas
  10 frilled lizards
  A jackal skeleton (D:4)
  A jackal zombie (D:5)
  12 kobolds
  A leopard gecko zombie (D:8)
  3 quokka skeletons
  A quokka zombie (D:6)
  6 rats
311 creatures vanquished.

Vanquished Creatures (others)
  A vampire (D:9)
1 creature vanquished.

Grand Total: 312 creatures vanquished

Notes
Turn   | Place    | Note
-------+----------+-------------------------------------------
     0 | Abyss:1  | Gargoyl the Centaur Abyssal Knight began the quest for the
                  | Orb.
     0 | Abyss:1  | Reached XP level 1. HP: 19/19 MP: 2/2
   101 | Abyss:2  | Noticed a rakshasa
   104 | Abyss:2  | Gained mutation: You expend magic power (3 MP) to
                  | strengthen your wands. [potion of mutation]
   104 | Abyss:2  | Gained mutation: You are agile. (Dex +2) [potion of
                  | mutation]
   104 | Abyss:2  | Gained mutation: You are partially covered in icy blue
                  | scales. (AC +2) [potion of mutation]
   126 | Abyss:2  | Noticed a smoke demon
   128 | D:1      | Escaped the Abyss
   249 | D:1      | Reached XP level 2. HP: 24/26 MP: 3/3
   325 | D:1      | Reached * piety under Lugonu
   624 | D:1      | Reached XP level 3. HP: 31/31 MP: 4/4
   669 | D:1      | Reached skill level 1 in Dodging
  1248 | D:2      | Reached XP level 4. HP: 25/38 MP: 5/5
  1987 | D:2      | Found an iron altar of Okawaru.
  2625 | D:3      | Reached XP level 5. HP: 37/45 MP: 2/7
  2680 | D:3      | Found a bloodstained altar of Trog.
  2680 | D:3      | Noticed an eye of draining
  2687 | D:3      | Killed an eye of draining
  2687 | D:3      | Reached skill level 1 in Bows
  2893 | D:3      | You fall through a shaft!
  2928 | D:4      | Found a shadowy altar of Dithmenos.
  3064 | D:4      | Noticed a phantom
  3087 | D:4      | Killed a phantom
  3087 | D:4      | Reached skill level 2 in Bows
  3087 | D:4      | Reached XP level 6. HP: 27/52 MP: 8/8
  3289 | D:4      | Reached ** piety under Lugonu
  3443 | D:4      | Found a glowing golden altar of the Shining One.
  3513 | D:4      | Found a staircase to the Ecumenical Temple.
  3886 | D:4      | Reached skill level 3 in Bows
  3948 | D:4      | Noticed Sigmund
  3960 | D:4      | Reached XP level 7. HP: 41/59 MP: 9/9
  3966 | D:4      | Killed Sigmund
  3966 | D:4      | Reached skill level 4 in Bows
  4533 | D:5      | Entered Level 5 of the Dungeon
  4875 | D:5      | Reached XP level 8. HP: 58/67 MP: 11/11
  5224 | D:5      | Found a sacrificial altar of Ru.
  5363 | D:6      | Found a bloodstained altar of Trog.
  5368 | D:6      | Reached skill level 5 in Bows
  5416 | D:6      | Reached *** piety under Lugonu
  5575 | D:6      | Reached skill level 5 in Invocations
  5598 | D:6      | Reached skill level 6 in Bows
  5694 | D:6      | Reached skill level 5 in Fighting
  5962 | D:6      | Noticed Duvessa
  5962 | D:6      | Noticed Dowan
  5972 | D:6      | Killed Duvessa
  5972 | D:6      | Reached skill level 7 in Bows
  5974 | D:6      | Killed Dowan
  6138 | D:6      | Found a stormy altar of Qazlal.
  6401 | D:7      | Reached XP level 9. HP: 68/74 MP: 13/13
  6497 | D:7      | Found a white marble altar of Elyvilon.
  6596 | D:7      | Found a burning altar of Makhleb.
  6596 | D:7      | Found a hazy altar of Hepliaklqana.
  6597 | D:7      | Found a radiant altar of Vehumet.
  6665 | D:7      | Noticed Menkaure
  6671 | D:7      | Reached skill level 8 in Bows
  6675 | D:7      | Noticed a troll
  6677 | D:7      | Banished Menkaure
  6677 | D:7      | Reached skill level 5 in Armour
  6679 | D:7      | Noticed Harold
  6680 | D:7      | Noticed Pikel
  6680 | D:7      | HP: 2/74 [troll (13)]
  6999 | D:7      | Killed Harold
  7014 | D:6      | Killed Pikel
  7242 | D:7      | Reached skill level 5 in Axes
  7259 | D:7      | Killed a troll
  8457 | D:8      | Found a transporter.
  8515 | D:8      | Reached XP level 10. HP: 83/83 MP: 15/15
  8714 | D:8      | Reached skill level 9 in Bows
  8777 | D:8      | Reached **** piety under Lugonu
  8977 | D:8      | Reached skill level 1 in Shields
  9290 | D:8      | Found a basalt altar of Yredelemnul.
  9291 | D:8      | Found an ancient bone altar of Kikubaaqudgha.
  9294 | D:8      | Found a snail-covered altar of Cheibriados.
  9298 | D:8      | Found a deep blue altar of Sif Muna.
  9299 | D:8      | Found a shattered altar of Ashenzari.
  9418 | D:8      | Found a transporter.
  9723 | D:9      | Found Garphi's General Store.
 10056 | D:9      | Identified 3 scrolls of acquirement
 10057 | D:9      | Found the +0 pair of fencer's gloves {+Riposte Dex+3}
 10785 | D:9      | Reached ***** piety under Lugonu
 11700 | D:9      | Found a shimmering altar of Xom.
 11930 | D:9      | Reached XP level 11. HP: 70/91 MP: 17/17
 12252 | D:10     | Entered Level 10 of the Dungeon
 12331 | D:10     | Reached skill level 10 in Bows
 12666 | D:10     | Found a staircase to the Lair.
 12778 | D:10     | Noticed Gastronok
 12793 | D:10     | Killed Gastronok
 12978 | D:10     | Noticed a two-headed ogre
 13002 | D:10     | Killed a two-headed ogre
 13103 | D:10     | Noticed a two-headed ogre
 13106 | D:10     | Killed a two-headed ogre
 13225 | Lair:1   | Entered Level 1 of the Lair of Beasts
 13586 | Lair:1   | Noticed Erica
 13597 | Lair:1   | Killed Erica
 14839 | Lair:2   | Found a dark tunnel.
 14844 | Volcano  | Entered a volcano
 14844 | Volcano  | Noticed a two-headed ogre
 14845 | Volcano  | Noticed a two-headed ogre
 14854 | Volcano  | Slain by a two-headed ogre

Skill      XL: |  1  2  3  4  5  6  7  8  9 10 11 |
---------------+----------------------------------+-----
Axes           | 2 3 4 5 6 7 |  7.8
Dodging        | 1 |  1.8
Armour         | 2 3 4 5 6 8 |  8.3
Bows           | 2 3 4 7 8 9 10 | 10.9
Invocations    | 3 4 5 7 8 9 |  9.3
Fighting       | 4 5 6 7 |  7.7
Shields        | 1 2 |  2.0
Evocations     | |  0.5

Action                   |  1- 3 |  4- 6 |  7- 9 | 10-12 || total
-------------------------+-------+-------+-------+-------++-------
Melee: Hand axe          |    59 |    58 |   139 |   375 ||   631
       Kick              |    14 |    25 |    53 |   176 ||   268
       War axe           |       |    16 |       |       ||    16
 Fire: Longbow           |       |    73 |   174 |   142 ||   389
Invok: Depart the Abyss  |     1 |       |       |       ||     1
       Bend Space        |       |       |     3 |     2 ||     5
       Banish            |       |       |     2 |     1 ||     3
Evoke: Wand              |       |       |       |     4 ||     4
  Use: Potion            |     3 |     1 |     4 |       ||     8
       Scroll            |     1 |     8 |     7 |    13 ||    29
 Stab: Held in net/web   |       |       |     1 |       ||     1
  Eat: Chunk             |       |     8 |     2 |    18 ||    28
       Ration            |       |       |     3 |     3 ||     6
Armor: Leather armour    |    46 |     7 |       |       ||    53
       Ring mail         |       |    32 |       |       ||    32
       Chain mail        |       |    15 |     4 |       ||    19
       Plate armour      |       |       |   168 |   292 ||   460
Dodge: Dodged            |    42 |    45 |    30 |   102 ||   219
Block: Shield            |       |    11 |    10 |       ||    21
       Other             |       |       |    20 |   103 ||   123
       Reflection        |       |       |     1 |     2 ||     3
       Rpst.: Hand axe   |       |       |       |    17 ||    17
